 Dungeon Crawl Stone Soup version 0.28-a0-980-g3664467d6e (webtiles) character file.

Game seed: 8259464377601566303

636018 Decritt the Slayer (level 26, -1/130 (235) HPs)
             Began as a Demonspawn Abyssal Knight on Dec 1, 2021.
             Was a High Priest of Lugonu.
             Killed by divine providence
             ... invoked by a balrug
              (12 damage)
             ... in the Vestibule of Hell on Dec 2, 2021.
             The game lasted 05:34:30 (90127 turns).

Decritt the Slayer (Demonspawn Abyssal Knight)     Turns: 90127, Time: 05:34:30

HP:   -1/130 (235)  AC: 43    Str: 29 (30) XL:     26   Next: 35%
MP:   34/34         EV: 20    Int:  8 (11) God:    Lugonu [*****.]
Gold: 5970          SH: 32    Dex: 31      Spells: 25/25 levels left

rFire   + + +      SeeInvis .   a - +10 spear "Ocrizikhlix" {spect, rElec Dex+4}
rCold   + + .      Faith    .   f - +6 tower shield of Feral Music {rF+ rN+ Int-2}
rNeg    + . .      Spirit   .   L - +5 gold dragon scales
rPois   +          Reflect  .   S - +2 helmet
rElec   +          Harm     .   Y - +2 cloak {Will+}
rCorr   .          Rampage  +   (gloves unavailable)
Will    +++..                   x - +2 pair of boots {rampage}
Stlth   ..........              N - amulet of Umetathrow {Acrobat Int+2 Dex+3 Slay+5}
HPRegen 0.31/turn               g - ring "Kaprucyh" {Dex+8 Slay+4}
MPRegen 0.24/turn               J - ring of the Sunfish {rC+ Str+6}

@: on fire, weakened, glowing, studying 2 skills, very heavily drained
A: molten scales 3, demonic guardian 3, hurl damnation, ignite blood 3, torment
resistance 1, demonic willpower, demonic touch 3, no potion heal 1, sturdy frame
1
}: 5/15 runes: decaying, slimy, silver, abyssal, gossamer
a: Hurl Damnation, Renounce Religion, Depart the Abyss, Bend Space, Banish,
Corrupt, Enter the Abyss


You were in the Vestibule of Hell.
You worshipped Lugonu.
Lugonu was extremely pleased with you.
You visited 11 branches of the dungeon, and saw 52 of its levels.
You visited the Abyss 4 times.
You also visited: Trove, Sewer, Ice Cave and Volcano.

You collected 8753 gold pieces.
You spent 2783 gold pieces at shops.

Inventory:

Hand Weapons
 a - the +10 spear "Ocrizikhlix" (weapon) {spect, rElec Dex+4}
   (You found it on level 6 of the Dungeon)

   When its wielder attacks, the weapon's spirit leaps out and strikes again.
   The spirit shares a part of any damage it takes with its wielder.
   Dex:       It affects your dexterity (+4).
   rElec:     It insulates you from electricity.
Armour
 f - the +6 tower shield of Feral Music (worn) {rF+ rN+ Int-2}
   (You found it on level 12 of the Dungeon)

   Int:       It affects your intelligence (-2).
   rF:        It protects you from fire.
   rN:        It protects you from negative energy.
 p - the +6 tower shield "Sefas" {Regen+ Int+4}
   (You acquired it on level 5 of the Pits of Slime)

   Int:       It affects your intelligence (+4).
   Regen:     It increases your rate of health regeneration.
 t - a +2 cloak of preservation
 x - a +2 pair of boots of rampaging (worn)
 L - +5 gold dragon scales (worn)
 S - a +2 helmet (worn)
 Y - a +2 cloak of willpower (worn)
Jewellery
 b - a ring of flight
 g - the ring "Kaprucyh" (left hand) {Dex+8 Slay+4}
   (You found it on level 1 of the Vaults)

   [ring of slaying]

   Dex:       It affects your dexterity (+8).
   Slay:      It affects your accuracy & damage with ranged weapons and melee
   (+4).
 j - an amulet of reflection
 n - a ring of see invisible
 A - an amulet of regeneration
 E - an amulet of guardian spirit
 J - the ring of the Sunfish (right hand) {rC+ Str+6}
   (You found it on level 5 of the Pits of Slime)

   [ring of strength]

   Str:       It affects your strength (+6).
   rC:        It protects you from cold.
 M - the ring of Inomn {rC+ Slay+2}
   (You found it on level 4 of the Vaults)

   [ring of protection from cold]

   Slay:      It affects your accuracy & damage with ranged weapons and melee
   (+2).
   rC:        It protects you from cold.
 N - the amulet of Umetathrow (around neck) {Acrobat Int+2 Dex+3 Slay+5}
   (You found it on level 4 of the Vaults)

   [amulet of the acrobat]

   It increases your evasion while moving and waiting.
   Int:       It affects your intelligence (+2).
   Dex:       It affects your dexterity (+3).
   Slay:      It affects your accuracy & damage with ranged weapons and melee
   (+5).
Wands
 d - a wand of iceblast (48)
 k - a wand of digging (37)
 o - a wand of polymorph (16)
 G - a wand of charming (6)
 H - a wand of flame (53)
 O - a wand of paralysis (30)
Scrolls
 h - 5 scrolls of fear
 i - 11 scrolls of fog
 l - 2 scrolls of blinking
 r - 20 scrolls of identify
 u - a scroll of summoning
 w - 2 scrolls of silence
 y - 7 scrolls of teleportation
 C - 6 scrolls of immolation
 I - 7 scrolls of magic mapping
Potions
 c - 5 potions of haste
 e - 13 potions of mutation
 m - 15 potions of curing
 q - 3 potions of attraction
 s - 2 potions of berserk rage
 v - 2 potions of cancellation
 z - 2 potions of might
 B - a potion of heal wounds
 X - 3 potions of resistance
Miscellaneous
 D - the horn of Geryon
 K - a phial of floods
 T - a condenser vane
 U - a phantom mirror
 V - a box of beasts
 W - a tin of tremorstones (2/2)


   Skills:
 - Level 25.0 Fighting
 + Level 18.0 Polearms
 * Level 20.1 Armour
 + Level 15.0 Dodging
 * Level 20.9 Shields
 - Level 15.2 Invocations


You had 25 spell levels left.
You didn't know any spells.
Your spell library contained the following spells:

 Spells                   Type           Power      Damage    Failure   Level
 Animate Skeleton         Necr           0%         N/A       99%         1
 Apportation              Tloc           0%         N/A       99%         1
 Foxfire                  Conj/Fire      0%         2x1d4     99%         1
 Freeze                   Ice            0%         1d3       99%         1
 Magic Dart               Conj           0%         1d3       99%         1
 Pain                     Necr           0%         1d4       99%         1
 Shock                    Conj/Air       0%         1d3       99%         1
 Slow                     Hex            0%         N/A       99%         1
 Sting                    Tmut/Pois      0%         1d3       99%         1
 Summon Small Mammal      Summ           0%         N/A       99%         1
 Blink                    Tloc           0%         N/A       100%        2
 Corpse Rot               Necr/Air       0%         N/A       100%        2
 Ensorcelled Hibernation  Hex/Ice        0%         N/A       100%        2
 Poisonous Vapours        Pois/Air       0%         N/A       100%        2
 Searing Ray              Conj           0%         2d4       100%        2
 Sublimation of Blood     Necr           0%         N/A       100%        2
 Wereblood                Tmut           0%         N/A       100%        2
 Confusing Touch          Hex            0%         N/A       100%        3
 Conjure Flame            Conj/Fire      0%         6-21      100%        3
 Dazzling Flash           Conj/Hex       0%         N/A       100%        3
 Frozen Ramparts          Ice            0%         1d2       100%        3
 Gell's Gravitas          Tloc           0%         N/A       100%        3
 Ignite Poison            Fire/Tmut/Pois 0%         N/A       100%        3
 Inner Flame              Hex/Fire       0%         N/A       100%        3
 Lesser Beckoning         Tloc           0%         N/A       100%        3
 Portal Projectile        Hex/Tloc       0%         N/A       100%        3
 Stone Arrow              Conj/Erth      0%         3d7       100%        3
 Swiftness                Air            0%         N/A       100%        3
 Teleport Other           Tloc           0%         N/A       100%        3
 Tukima's Dance           Hex            0%         N/A       100%        3
 Vampiric Draining        Necr           0%         2d6       100%        3
 Airstrike                Air            0%         N/A       100%        4
 Animate Armour           Summ/Erth      0%         N/A       100%        4
 Animate Dead             Necr           0%         N/A       100%        4
 Cause Fear               Hex            0%         N/A       100%        4
 Dispel Undead            Necr           0%         3d6       100%        4
 Flame Wave               Conj/Fire      0%         2d4       100%        4
 Fulminant Prism          Conj/Hex       0%         3d6       100%        4
 Hailstorm                Conj/Ice       0%         3d3       100%        4
 Ice Form                 Ice/Tmut       0%         N/A       100%        4
 Iskenderun's Mystic Bla  Conj/Tloc      0%         2d3       100%        4
 Olgreb's Toxic Radiance  Pois           0%         N/A       100%        4
 Petrify                  Tmut/Erth      0%         N/A       100%        4
 Summon Ice Beast         Ice/Summ       0%         N/A       100%        4
 Summon Lightning Spire   Summ/Air       0%         N/A       100%        4
 Agony                    Necr           0%         N/A       100%        5
 Blade Hands              Tmut           0%         N/A       100%        5
 Borgnjor's Vile Clutch   Necr/Erth      0%         N/A       100%        5
 Excruciating Wounds      Necr           0%         N/A       100%        5
 Irradiate                Conj/Tmut      0%         3d13      100%        5
 Lee's Rapid Deconstruct  Erth           0%         3d5*      100%        5
 Manifold Assault         Tloc           0%         N/A       100%        5
 Metabolic Englaciation   Hex/Ice        0%         N/A       100%        5
 Silence                  Hex/Air        0%         N/A       100%        5
 Yara's Violent Unravell  Hex/Tmut       0%         3d3       100%        5
 Death Channel            Necr           0%         N/A       100%        6
 Simulacrum               Ice/Necr       0%         N/A       100%        6
 Starburst                Conj/Fire      0%         6d3       100%        6
 Statue Form              Tmut/Erth      0%         N/A       100%        6
 Dragon Form              Tmut           0%         N/A       100%        7
 Malign Gateway           Summ/Tloc      0%         N/A       100%        7
 Storm Form               Tmut/Air       0%         N/A       100%        7
 Discord                  Hex            0%         N/A       100%        8
 Lehudib's Crystal Spear  Conj/Erth      0%         10d2      100%        8
 Maxwell's Capacitive Co  Air            0%         ∞         100%        8
 Summon Horrible Things   Summ           0%         N/A       100%        8
 Dragon's Call            Summ           0%         N/A       100%        9


Dungeon Overview and Level Annotations

Branches:
Dungeon (15/15)            Temple (0/1) D:6            Lair (6/6) D:9
  Swamp (4/4) Lair:4       Spider (4/4) Lair:4        Slime (5/5) Lair:6
    Orc (2/2) D:12            Elf (3/3) Orc:2        Vaults (5/5) D:13
  Crypt (0/3) Vaults:3     Depths (4/4) D:15           Hell (1/1)
    Dis (0/7) Hell            Geh (3/7) Hell            Coc (0/7) Hell
    Tar (0/7) Hell            Zot (0/5) Depths:4      Sewer (visited)
  IceCv (visited)         Volcano (visited)

Altars:
Makhleb
Qazlal
Uskayaw
Yredelemnul
Beogh
Jiyva

Shops:
D:4 *   D:8 :=*?   D:10 *   Orc:2 :[(*   Elf:1 :   Elf:2 ?

Portals:
Hell: Depths:1 Depths:2 Depths:3 Depths:4
Abyss: D:13 Depths:3 Depths:4
Pandemonium: Depths:2
Ziggurat: Depths:3

Annotations:
Slime:5 corrupted


Innate Abilities, Weirdness & Mutations

You are completely covered in molten scales. (AC +4, rF+)
A powerful demonic guardian rushes to your aid.
You can hurl damnation.
Your demonic aura causes all spilled blood to erupt in flames.
You are resistant to unholy torment.
You punish those that try to bend your will. (Will+)
Your touch may irresistibly damage your foes and sap their willpower.
Potions are less effective at restoring your health.
Your movements are slightly less encumbered by armour. (ER -2)


Message History

The creeping inferno disappears in a puff of smoke!
The great blast of fire engulfs your Executioner!!
Your Executioner partially resists.
Your Executioner dies!
Your Executioner disappears in a puff of smoke!
The great blast of fire engulfs the salamander tyrant!!!
The salamander tyrant partially resists.
The great blast of fire engulfs the stoker!!
The stoker partially resists.
The great blast of fire engulfs the searing wretch!!
The searing wretch partially resists.
The creeping inferno explodes!
The great blast of fire engulfs the balrug!!
The balrug partially resists.
The great blast of fire engulfs you but does no damage.
The great blast of fire engulfs the searing wretch!!
The searing wretch partially resists.
The great blast of fire engulfs the stoker!!
The stoker partially resists.
You block the salamander tyrant's attack.
You block the searing wretch's attack. The searing wretch barely misses you.
You block the searing wretch's attack. The balrug gestures at you.
Something smites you!
* * * LOW HITPOINT WARNING * * *
You hear an angry squeal.
You hear a shout! x2; You hear a trumpeting!
You go up through the gate.
Welcome back to the Vestibule of Hell!
There is a gateway to the ashen valley of Gehenna here.
Your system partially rejects the healing.
You feel much better. The balrug gestures at you. The sticky flame hits you.
You resist.
You are covered in liquid flames!
* * * LOW HITPOINT WARNING * * *
You block the salamander tyrant's attack.
You block the searing wretch's attack. The searing wretch closely misses you.
You block the searing wretch's attack. The balrug gestures at you.
Something smites you!
You die...

#≈≈.....................
#≈.......§..§§..........
#≈.......≈.§............
#§..≈§§≈≈§≈≈............
#.≈≈≈#####§≈§...........
#§≈≈##...##§§≈..........
#§≈##.....##§§..........
#..#...n...#§§......#.#.
#..'...@...#§§.......∩..
#..#...N2..#≈.§.....#.#.
#§≈##.....##≈≈..........
#.§≈##...##≈≈..........[
#.≈≈≈#####≈≈≈..........[
#..≈≈≈≈§§≈≈.............
#≈...≈§§§.≈.............
#≈......................
#≈≈.....................


You could see a searing wretch, a balrug and a salamander tyrant.

Vanquished Creatures
  the Royal Jelly (Slime:5)
  2 dread liches
  2 ancient liches (Vaults:5)
  Mennas (Vaults:2)
  Mara (Spider:3)
  Sojobo (Vaults:3)
  Saint Roka (Vaults:3)
  Margery (Vaults:3)
  Geryon (Hell)
  Jory (Vaults:3)
  6 golden dragons
  Nikola (Swamp:4)
  A Brimstone Fiend (Hell)
  A bone dragon (Depths:3)
  5 hellephants
  2 tentacled monstrosities (Vaults:5)
  2 liches
  A tainted leviathan (Hell)
  2 deep elf blademasters (Elf:2)
  Murray (Depths:4)
  2 deep elf master archers (Elf:3)
  15 acid blobs
  An Executioner (Abyss:3)
  5 titans
  4 sphinxes
  An ancient champion (Vaults:3)
  3 shadow dragons
  5 tengu reavers
  The ghost of Peloso the Fencer, an adept MiFi of Okawaru (Swamp:1)
  Donald (Vaults:3)
  2 thorn hunters (Swamp:1)
  6 azure jellies
  3 storm dragons
  9 rockslimes
  A draconian knight (Abyss:3)
  12 fire giants
  A fire giant (shapeshifter) (Vaults:5)
  5 frost giants
  5 ghost moths
  5 deep elf sorcerers
  3 balrugs
  3 iron dragons
  2 draconian scorchers
  3 emperor scorpions (Spider:4)
  A ghost moth (shapeshifter) (Vaults:4)
  26 vault wardens
  2 spriggan defenders (Depths:3)
  3 orc warlords
  19 ironbound preservers
  A draconian shifter (Depths:4)
  2 deep elf elementalists
  30 very ugly things
  A draconian annihilator (Depths:4)
  8 quicksilver oozes
  6 reapers
  4 war gargoyles (Vaults:5)
  2 vampire knights
  20 stone giants
  6 putrid mouths
  A black draconian (Depths:4)
  Nessos (Lair:5)
  A white draconian (Depths:4)
  The ghost of Quacem the Covert, a journeyman GnDe of Ashenzari (Lair:3)
  9 eleionomae
  3 dire elephants (Vaults:2)
  6 deep elf annihilators
  A purple draconian (Depths:4)
  6 deep elf demonologists (Elf:3)
  A bunyip (Swamp:4)
  2 red draconians
  A wendigo (Hell)
  A yellow draconian (Depths:3)
  10 entropy weavers
  5 spark wasps
  8 deep elf death magi
  A green death (Abyss:1)
  2 iron golems (Depths:4)
  A crystal guardian (Abyss:1)
  17 ettins
  A blizzard demon (Depths:4)
  4 fire dragons
  A merfolk javelineer (Depths:2)
  A jiangshi (Vaults:3)
  10 ironbound thunderhulks
  6 ice dragons
  7 deep elf high priests
  The ghost of Necrophagist the Nimble, a journeyman DjCj (D:12)
  12 yaktaur captains
  The ghost of Gelon the Zephyrmancer, a journeyman TeAE of Vehumet (Lair:3)
  8 great orbs of eyes
  38 vault guards
  5 hydras
  A salamander tyrant (Geh:1)
  2 rakshasas
  6 boulder beetles
  An ogre mage (Vaults:3)
  4 spriggan air magi
  A catoblepas (Lair:6)
  3 ghost crabs (Swamp:4)
  2 peacekeepers
  A death knight (D:12)
  14 ironbound frosthearts
  2 anacondas (shapeshifter)
  16 alligators
  19 centaur warriors
  The ghost of Eronk the Geomancer, a journeyman GrEE of Vehumet (D:13)
  31 dancing weapons
  6 deep troll shamans
  3 tengu warriors
  18 death yaks
  42 hell hogs
  Erica (D:9)
  11 deep troll earth magi
  17 two-headed ogres
  7 spriggan berserkers
  2 sun demons (Depths:4)
  17 hell knights
  A wretched star (Abyss:1)
  A thrashing horror (Abyss:1)
  21 deep elf knights
  2 orc high priests
  3 soul eaters
  A shadow wraith (Vaults:5)
  9 iron trolls
  2 flayed ghosts
  7 goliath frogs
  16 deep elf archers
  A glowing orange brain (shapeshifter) (Depths:1)
  2 death drakes
  2 glowing orange brains
  52 deep trolls
  10 bog bodies
  4 swamp dragons
  3 spriggan druids
  12 wizards
  2 spectral hydras (Swamp:4)
  A golden dragon skeleton (Vaults:2)
  23 ironbound convokers
  8 phantasmal warriors
  31 deep elf pyromancers
  8 lindwurms
  34 ugly things
  17 orb spiders
  4 orc knights
  9 necromancers
  2 stone giant zombies
  6 orc sorcerers
  31 wolf spiders
  31 deep elf zephyrmancers
  3 manticores
  2 draconians (Abyss:3)
  3 moths of wrath
  A will-o-the-wisp (Swamp:4)
  A cyclops (shapeshifter) (Vaults:5)
  5 cyclopes
  16 elephants (Lair:6)
  A worldbinder (D:13)
  4 rust devils
  2 torpor snails
  A frost giant skeleton (Vaults:2)
  22 vault sentinels
  A stone giant skeleton (Abyss:1)
  12 black mambas
  3 toenail golems (Volcano)
  An ice statue (IceCv)
  5 molten gargoyles
  4 eyes of devastation
  2 gargoyles
  3 hellions
  Psyche (D:9)
  A titan simulacrum (Hell)
  2 freezing wraiths
  5 rime drakes
  A bunyip simulacrum (Hell)
  16 cane toads
  6 efreet
  3 tormentors
  3 tengu conjurers
  4 swamp worm zombies (Swamp:4)
  13 demonic crawlers
  17 komodo dragons
  16 yaktaurs
  An ancient zyme (Abyss:3)
  12 polar bears
  6 meliai
  10 tyrant leeches
  2 bloated husks (Swamp:4)
  5 trolls
  A merfolk (shapeshifter) (D:13)
  3 hydra zombies (Swamp:4)
  A tengu simulacrum (Vaults:2)
  12 hornets
  48 jumping spiders
  7 blink frogs
  A raiju (D:13)
  7 dream sheep (Lair:6)
  70 slime creatures
  3 spectral swamp dragons (Swamp:4)
  5 alligator zombies (Swamp:4)
  A centaur simulacrum (D:14)
  3 wraiths
  33 tarantellas
  A ynoxinul (Abyss:1)
  A shadow (D:12)
  59 redbacks
  9 spriggans
  4 large abominations
  7 water elementals
  A dire elephant simulacrum (Hell)
  66 yaks
  7 wyverns
  Eustachio (D:4)
  8 humans (D:13)
  12 vampire mosquitoes
  4 golden eyes
  A steam dragon (Lair:6)
  4 fire elementals
  A golden eye (shapeshifter) (Vaults:5)
  7 basilisks
  15 water moccasins
  12 swamp worms
  3 harpy simulacra (Hell)
  5 wargs
  An acid dragon (D:11)
  A hydra simulacrum (Swamp:4)
  A floating eye (Depths:1)
  Pargi (Sewer)
  7 hell hounds
  2 swamp drakes (Swamp:2)
  An ice beast (D:6)
  2 sky beasts (D:7)
  34 orc warriors
  An ettin simulacrum (Hell)
  3 necrophages
  4 black bears
  46 wolves
  2 boggarts
  A centaur (shapeshifter) (Depths:1)
  13 ogres
  9 swamp dragon zombies (Swamp:4)
  17 centaurs
  5 phantoms
  5 small abominations (Abyss:1)
  2 kobold brigands
  12 bullfrogs
  2 scorpions
  3 earth elementals
  3 killer bees (D:11)
  2 troll zombies (D:12)
  8 electric eels
  A howler monkey (D:5)
  9 crimson imps
  3 centaur zombies
  A bullfrog zombie (D:4)
  3 jellies
  4 lava snakes (Lair:6)
  A centaur skeleton (D:6)
  28 orc priests
  6 hounds
  A jelly (shapeshifter) (Vaults:5)
  Crazy Yiuf (D:5)
  2 iguanas
  Natasha (thrice) (D:3)
  21 orc wizards
  2 spectral swamp drakes (Swamp:4)
  10 hell rats
  4 ogre zombies (D:12)
  A hound skeleton (D:5)
  3 howler monkey zombies (D:8)
  Robin (D:3)
  6 gnolls
  A howler monkey skeleton (D:4)
  A swamp drake zombie (Swamp:4)
  9 adders
  An adder (shapeshifter) (Depths:1)
  A river rat (D:4)
  2 shadow imps
  3 white imps
  An adder skeleton (D:4)
  A worm (D:2)
  5 dart slugs
  68 orcs
  5 endoplasms
  3 giant cockroaches
  19 goblins
  A goblin (shapeshifter) (Vaults:4)
  5 hobgoblins
  2 jackals (D:4)
  16 kobolds
  7 quokkas
  5 ball pythons
  7 bats
  4 frilled lizards
  A goblin skeleton (D:12)
  A goblin zombie (D:12)
  A hobgoblin skeleton (D:12)
  6 hobgoblin zombies (D:12)
  3 orc skeletons (D:12)
  7 orc zombies (D:12)
  6 rats
  A briar patch (Swamp:1)
  A butterfly (Lair:4)
  A creeping inferno (Hell)
  24 fire vortices
  A lurking horror (Abyss:1)
2178 creatures vanquished.

Vanquished Creatures (collateral kills)
  An ancient lich (Vaults:4)
  Xtahua (Vaults:3)
  A bone dragon (Swamp:3)
  A tentacled monstrosity (Vaults:5)
  A searing wretch (Geh:3)
  A deep elf blademaster (Elf:2)
  A sphinx (Depths:3)
  A shadow dragon (Vaults:5)
  A vault warden (Vaults:2)
  An angel (Abyss:3)
  The ghost of Dutif the Tainter, a journeyman OpVM of Sif Muna (Lair:5)
  A very ugly thing (Abyss:3)
  A deep elf annihilator (Vaults:5)
  An ettin (Vaults:5)
  A crystal guardian (Vaults:3)
  A deep elf high priest (Elf:3)
  A vault guard (Vaults:2)
  A peacekeeper (Vaults:3)
  3 hell hogs (Geh:1)
  2 death yaks
  A deep troll shaman (Depths:4)
  A deep elf knight (Elf:1)
  A hell knight (Hell)
  An iron troll (Depths:1)
  A deep elf archer (Elf:3)
  A deep elf pyromancer (Elf:3)
  An ironbound convoker (Vaults:2)
  A deep elf zephyrmancer (Elf:3)
  An ugly thing (Depths:1)
  2 draconians (Abyss:3)
  A vault sentinel (Vaults:5)
  A yaktaur (Vaults:3)
  A jumping spider (Spider:3)
  An alligator zombie (Swamp:4)
  A large abomination (Abyss:1)
  2 redbacks
  A small abomination (Abyss:3)
  An electric eel (D:4)
  2 orcs (Vaults:3)
  3 fire vortices (Geh:2)
48 creatures vanquished.

Vanquished Creatures (others)
  8 acid blobs (Slime:5)
  2 azure jellies (Slime:5)
  6 rockslimes (Slime:5)
  A war gargoyle (Vaults:5)
  2 quicksilver oozes (Slime:5)
  A juggernaut simulacrum (Hell)
  3 stokers
  2 spriggans (Swamp:4)
  A deep troll (Vaults:5)
  5 deep elf zephyrmancers
  A shining eye (Slime:5)
  4 bloated husks
  A hornet (Swamp:4)
  2 slime creatures (Slime:5)
  A tarantella (Spider:4)
  A hell hound (Hell)
  3 phantoms (Swamp:4)
  An orc wizard (Vaults:3)
  3 creeping infernos
  3 fire vortices
  8 foxfires (Swamp:4)
  44 fungi
  43 plants
  12 starspawn tentacles (Slime:5)
  8 toadstools (Swamp:1)
  6 withered plants (Lair:3)
172 creatures vanquished.

Grand Total: 2398 creatures vanquished

Notes
Turn   | Place    | Note
-------+----------+-------------------------------------------
     0 | Abyss:1  | Decritt the Demonspawn Abyssal Knight began the quest for
                  | the Orb.
     0 | Abyss:1  | Reached XP level 1. HP: 18/18 MP: 2/2
    38 | Abyss:1  | Noticed a small abomination
    39 | D:1      | Escaped the Abyss
   519 | D:1      | Gained mutation: Your touch may inflict minor irresistible
                  | damage on your foes. [demonic ancestry]
   519 | D:1      | Reached XP level 2. HP: 24/24 MP: 3/3
   778 | D:1      | You fall into a shaft and drop 1 floor!
   784 | D:2      | Reached * piety under Lugonu
   834 | D:2      | Gained mutation: You are partially covered in molten
                  | scales. (AC +2) [demonic ancestry]
   834 | D:2      | Reached XP level 3. HP: 29/29 MP: 4/4
  1068 | D:2      | Gained mutation: Your touch may inflict irresistible damage
                  | on your foes. [demonic ancestry]
  1068 | D:2      | Reached XP level 4. HP: 31/37 MP: 5/5
  1551 | D:3      | Reached skill level 4 in Fighting
  1560 | D:3      | Noticed a scorpion
  1566 | D:3      | Killed a scorpion
  1567 | D:3      | Reached XP level 5. HP: 28/42 MP: 6/6
  1997 | D:3      | Noticed Natasha
  2004 | D:3      | Killed Natasha
  2102 | D:3      | Reached ** piety under Lugonu
  2172 | D:3      | Noticed Natasha
  2183 | D:3      | Killed Natasha
  2229 | D:3      | Noticed Robin
  2512 | D:3      | Killed Robin
  2532 | D:3      | Noticed Natasha
  2537 | D:3      | Killed Natasha
  2955 | D:4      | Reached XP level 6. HP: 50/50 MP: 7/7
  3018 | D:4      | Found a glowing drain.
  3025 | Sewer    | Entered a sewer
  3102 | Sewer    | Noticed Pargi
  3120 | Sewer    | Killed Pargi
  3121 | Sewer    | Reached skill level 5 in Fighting
  3278 | D:4      | Found a transporter.
  3284 | D:4      | Found a transporter.
  3398 | D:4      | Found Ennuxiox's Gadget Gallery.
  3439 | D:4      | Noticed Eustachio
  3460 | D:4      | Killed Eustachio
  3460 | D:4      | Reached *** piety under Lugonu
  3461 | D:4      | Reached skill level 1 in Dodging
  3461 | D:4      | Gained mutation: You are mostly covered in molten scales.
                  | (AC +3) [demonic ancestry]
  3461 | D:4      | Reached XP level 7. HP: 49/56 MP: 8/8
  3829 | D:5      | Entered Level 5 of the Dungeon
  4293 | D:5      | Reached skill level 5 in Polearms
  4471 | D:5      | Found a runed translucent door.
  4472 | D:5      | Noticed Crazy Yiuf
  4641 | D:5      | Killed Crazy Yiuf
  4642 | D:5      | Gained mutation: You are completely covered in molten
                  | scales. (AC +4, rF+) [demonic ancestry]
  4642 | D:5      | Reached XP level 8. HP: 34/64 MP: 9/9
  5092 | D:6      | Reached skill level 6 in Fighting
  5112 | D:6      | Reached skill level 5 in Armour
  5228 | D:6      | Noticed a gargoyle
  5237 | D:6      | Killed a gargoyle
  5764 | D:6      | Found a staircase to the Ecumenical Temple.
  5783 | D:6      | Reached **** piety under Lugonu
  5871 | D:6      | Identified the +10 spear "Ocrizikhlix" {spect, rElec Dex+4}
  6310 | D:6      | Reached XP level 9. HP: 69/71 MP: 10/10
  6778 | D:7      | Reached skill level 7 in Fighting
  7091 | D:8      | Found Yheotzarph's Magic Scroll Boutique.
  7109 | D:8      | Bought a scroll of identify for 26 gold pieces
  7185 | D:8      | Found Watoemp's Assorted Antiques.
  7189 | D:8      | Found Xyur Rix's Book Shop.
  7192 | D:8      | Found Ynkuuc's Jewellery Shoppe.
  7225 | D:8      | Bought an amulet of reflection for 360 gold pieces
  7269 | D:8      | Found a hide-covered altar of Uskayaw.
  7378 | D:8      | Reached skill level 8 in Fighting
  7551 | D:8      | Gained mutation: A weak demonic guardian rushes to your
                  | aid. [demonic ancestry]
  7551 | D:8      | Reached XP level 10. HP: 80/80 MP: 13/13
  7816 | D:9      | Noticed a two-headed ogre
  7824 | D:9      | Killed a two-headed ogre
  7870 | D:9      | Noticed Psyche
  7877 | D:9      | Killed Psyche
  7878 | D:9      | Reached skill level 5 in Invocations
  7906 | D:9      | Noticed Erica
  7912 | D:9      | Killed Erica
  7919 | D:9      | Reached skill level 9 in Fighting
  8188 | D:9      | Reached ***** piety under Lugonu
  8380 | D:9      | Found a staircase to the Lair.
  8501 | D:9      | Noticed a centaur warrior
  8508 | D:9      | Killed a centaur warrior
  8509 | D:9      | Gained mutation: Your demonic aura sometimes causes spilled
                  | blood to erupt in flames. [demonic ancestry]
  8509 | D:9      | Reached XP level 11. HP: 62/90 MP: 15/15
  8641 | D:9      | Noticed a boulder beetle
  8652 | D:9      | Killed a boulder beetle
  8801 | D:9      | Noticed a seven-headed hydra
  8811 | D:9      | Killed a seven-headed hydra
  8812 | D:9      | Reached skill level 10 in Fighting
  9080 | D:9      | Noticed a two-headed ogre
  9085 | D:9      | Killed a two-headed ogre
  9409 | D:10     | Entered Level 10 of the Dungeon
  9483 | D:10     | Found Utwe's General Store.
 10069 | D:10     | Noticed a two-headed ogre
 10072 | D:10     | Killed a two-headed ogre
 10073 | D:10     | Reached skill level 5 in Dodging
 11221 | Lair:1   | Entered Level 1 of the Lair of Beasts
 11466 | Lair:1   | Noticed a four-headed hydra
 11472 | Lair:1   | Killed a four-headed hydra
 11473 | Lair:1   | Reached skill level 11 in Fighting
 11627 | Lair:1   | Reached XP level 12. HP: 100/100 MP: 18/18
 11957 | Lair:1   | Reached skill level 10 in Armour
 13480 | Lair:3   | Noticed a death yak
 13480 | Lair:3   | Noticed a death yak
 13480 | Lair:3   | Noticed a death yak
 13481 | Lair:3   | Noticed a death yak
 13481 | Lair:3   | Noticed a death yak
 13493 | Lair:3   | Killed a death yak
 13497 | Lair:3   | Killed a death yak
 13500 | Lair:3   | Reached skill level 12 in Fighting
 13507 | Lair:3   | Killed a death yak
 13512 | Lair:3   | Killed a death yak
 13516 | Lair:3   | Killed a death yak
 13765 | Lair:3   | Found a runed translucent gate.
 13765 | Lair:3   | Found a runed translucent gate.
 13765 | Lair:3   | Found a runed translucent gate.
 13784 | Lair:3   | Noticed Quacem's ghost (journeyman GnDe)
 13784 | Lair:3   | Noticed Gelon's ghost (journeyman TeAE)
 14023 | Lair:3   | Reached skill level 10 in Polearms
 14394 | Lair:3   | Killed Gelon's ghost
 14458 | Lair:3   | Killed Quacem's ghost
 14459 | Lair:3   | Reached XP level 13. HP: 89/108 MP: 20/20
 14687 | Lair:4   | Found a staircase to the Swamp.
 15385 | Lair:4   | Found a hole to the Spider Nest.
 15971 | Lair:5   | Found a dark tunnel.
 15979 | Volcano  | Entered a volcano
 16316 | Lair:5   | Reached ****** piety under Lugonu
 16339 | Lair:5   | Found a runed translucent door.
 16351 | Lair:5   | Noticed Dutif's ghost (journeyman OpVM)
 16362 | Lair:5   | Killed Dutif's ghost
 16865 | Lair:5   | Noticed Nessos
 16879 | Lair:5   | Killed Nessos
 17224 | Lair:6   | Entered Level 6 of the Lair of Beasts
 17251 | Lair:6   | Reached skill level 10 in Invocations
 17299 | Lair:6   | Gained mutation: Your touch may irresistibly damage your
                  | foes and sap their willpower. [demonic ancestry]
 17299 | Lair:6   | Reached XP level 14. HP: 63/116 MP: 21/21
 17345 | Lair:6   | Found a frozen archway.
 17358 | Lair:6   | Reached skill level 13 in Fighting
 17791 | IceCv    | Entered an ice cave
 18374 | IceCv    | Identified the +6 short sword "Supsiup" {vorpal, rF- rC+
                  | Will+++ Dex+2}
 19207 | Lair:6   | Found a runed translucent door.
 19304 | Lair:6   | Reached skill level 14 in Fighting
 19371 | Lair:6   | Found a viscous altar of Jiyva.
 19377 | Lair:6   | Found a staircase to the Slime Pits.
 20608 | Lair:6   | Identified a scroll of acquirement
 20608 | Lair:6   | Acquired a manual of Fighting
 21383 | Lair:6   | Gained mutation: Your demonic aura often causes spilled
                  | blood to erupt in flames. [demonic ancestry]
 21383 | Lair:6   | Reached XP level 15. HP: 100/127 MP: 24/24
 21575 | Lair:6   | Found a large runed translucent door.
 21576 | Lair:6   | Found a large runed translucent door.
 22050 | Spider:1 | Entered Level 1 of the Spider Nest
 22401 | Spider:1 | Reached skill level 15 in Fighting
 24389 | Spider:2 | Killed a ghost moth
 24696 | Spider:2 | Reached skill level 10 in Dodging
 25809 | Spider:3 | Noticed Mara
 25815 | Spider:3 | Noticed Decritt's illusion
 25823 | Spider:3 | Killed Mara
 25824 | Spider:3 | Reached skill level 16 in Fighting
 25824 | Spider:3 | Reached XP level 16. HP: 114/138 MP: 25/25
 27091 | Spider:4 | Entered Level 4 of the Spider Nest
 27980 | Spider:4 | HP: 1/139 [disintegration (34)]
 30064 | Spider:4 | Reached skill level 17 in Fighting
 30491 | Spider:4 | Got a gossamer rune of Zot
 31039 | D:12     | Found a staircase to the Orcish Mines.
 31242 | Orc:1    | Entered Level 1 of the Orcish Mines
 32105 | Orc:2    | Entered Level 2 of the Orcish Mines
 32301 | Orc:2    | Found Ydusiyff's Assorted Antiques.
 32748 | Orc:2    | Reached skill level 15 in Armour
 32748 | Orc:2    | Reached XP level 17. HP: 147/147 MP: 26/26
 33010 | Orc:2    | Found a staircase to the Elven Halls.
 33016 | Orc:2    | Found a burning altar of Makhleb.
 33218 | Orc:2    | Found Xilodet's Book Shoppe.
 33376 | Orc:2    | Found Plog's Antique Armour Boutique.
 33380 | Orc:2    | Found Yhyukku's Antique Weapon Shop.
 33692 | D:8      | Bought 2 scrolls of acquirement for 1352 gold pieces
 33692 | D:8      | Acquired a +2 crystal plate armour
 33696 | D:8      | Acquired a +0 pair of boots of rampaging
 33869 | Swamp:1  | Entered Level 1 of the Swamp
 35127 | D:12     | Identified the +6 tower shield of Feral Music {rF+ rN+
                  | Int-2}
 35282 | D:12     | Noticed Necrophagist's ghost (journeyman DjCj)
 35284 | D:12     | Found a transporter.
 35291 | D:12     | Found a transporter.
 35296 | D:12     | Reached skill level 1 in Shields
 35309 | D:12     | Killed Necrophagist's ghost
 36371 | D:13     | Noticed Eronk's ghost (journeyman GrEE)
 36371 | D:13     | Found a one-way gate to the infinite horrors of the Abyss.
 36712 | D:13     | Reached skill level 18 in Fighting
 36835 | D:13     | Found a gate to the Vaults.
 36947 | D:13     | Reached skill level 5 in Shields
 37024 | D:13     | Found a transporter.
 37037 | D:13     | Found a transporter.
 37197 | D:13     | Killed Eronk's ghost
 37866 | D:15     | Entered Level 15 of the Dungeon
 38778 | D:15     | Found a staircase to the Depths.
 39079 | Depths:1 | Entered Level 1 of the Depths
 39619 | Depths:1 | Found a basalt altar of Yredelemnul.
 39654 | Depths:1 | Gained mutation: A demonic guardian rushes to your aid.
                  | [demonic ancestry]
 39654 | Depths:1 | Reached XP level 18. HP: 67/159 MP: 28/28
 40097 | Depths:1 | Noticed a lich
 40134 | Depths:1 | Killed a lich
 40355 | Depths:1 | Reached skill level 19 in Fighting
 40625 | Depths:1 | Paralysed by a floating eye for 3 turns
 41032 | Depths:1 | Found a gateway to Hell.
 42634 | Depths:2 | Reached skill level 10 in Shields
 43249 | Depths:2 | Identified the +4 war axe "Hellblazer" {vorpal, rPois
                  | Int+4}
 43257 | Depths:2 | Found a one-way gate leading to the halls of Pandemonium.
 43472 | Depths:2 | Noticed a hellephant
 43474 | Depths:2 | Noticed a hellephant
 43476 | Depths:2 | Noticed a hellephant
 44044 | Depths:2 | Noticed a hellephant
 44801 | Depths:3 | Killed a hellephant
 45038 | Depths:2 | Killed a hellephant
 45058 | Depths:2 | Killed a hellephant
 45244 | Depths:2 | Killed a hellephant
 45961 | Depths:2 | Gained mutation: You punish those that try to bend your
                  | will. (Will+) [demonic ancestry]
 45961 | Depths:2 | Reached XP level 19. HP: 162/168 MP: 29/29
 46052 | Depths:2 | Reached XP level 20. HP: 176/176 MP: 30/30
 46053 | Depths:2 | Reached XP level 21. HP: 182/182 MP: 31/31
 46654 | Depths:3 | Found a gateway to a ziggurat.
 47081 | Depths:3 | Noticed a golden dragon
 47090 | Depths:3 | Identified the ring of Sury Ivvu {Wiz rN+++ Str-3 Int+8
                  | Dex-3}
 47092 | Depths:3 | Killed a golden dragon
 47473 | Depths:3 | Paralysed by a sphinx for 7 turns
 47811 | Depths:3 | Reached skill level 20 in Fighting
 48022 | Depths:4 | Entered Level 4 of the Depths
 48899 | Depths:4 | Found a gate to the Realm of Zot.
 48899 | Depths:4 | Noticed a golden dragon
 49597 | Depths:3 | Killed a golden dragon
 50796 | Depths:4 | Found a stormy altar of Qazlal.
 51314 | Elf:1    | Entered Level 1 of the Elven Halls
 51314 | Elf:1    | Found Xamp's Book Shoppe.
 51407 | Elf:1    | Reached skill level 15 in Polearms
 52716 | Elf:2    | Found Laahuk's Magic Scroll Boutique.
 52729 | Elf:2    | Identified the +5 scimitar of Mastery {vorpal, rPois Dex+4}
 52815 | Elf:2    | Identified the +3 scale mail "Rukhlil" {rF++ Will- rCorr
                  | Str+2}
 52879 | Elf:2    | Found a runed translucent gate.
 52880 | Elf:2    | Found a runed translucent gate.
 52880 | Elf:2    | Found a runed translucent gate.
 52933 | Elf:2    | Bought a scroll of enchant armour for 97 gold pieces
 52933 | Elf:2    | Bought a scroll of blinking for 97 gold pieces
 53560 | Elf:2    | Reached skill level 21 in Fighting
 53564 | Elf:2    | Gained mutation: A powerful demonic guardian rushes to your
                  | aid. [demonic ancestry]
 53564 | Elf:2    | Reached XP level 22. HP: 166/194 MP: 32/32
 54338 | Elf:3    | Entered Level 3 of the Elven Halls
 54370 | Elf:3    | Cast into level 3 of the Abyss (a deep elf demonologist)
 54370 | Abyss:3  | Found a transporter.
 54439 | Abyss:3  | Noticed a dread lich
 54456 | Abyss:3  | Killed a dread lich
 54490 | Abyss:3  | Found a transporter.
 54498 | Abyss:3  | Found a transporter.
 54499 | Abyss:3  | Got an abyssal rune of Zot
 54500 | Elf:3    | Escaped the Abyss
 56315 | Elf:3    | Identified the +6 eveningstar "Anoczuwn" {elec, rPois Will+
                  | SInv Stlth+}
 56331 | Elf:3    | Identified the +2 robe of Wiletry {Int+4 Dex-3 Archmagi}
 56842 | Elf:3    | Identified the +7 dagger of Pestilence {vorpal, rElec
                  | Int+5}
 57412 | Swamp:1  | Reached skill level 22 in Fighting
 57648 | Swamp:1  | Found a runed translucent door.
 57648 | Swamp:1  | Noticed Peloso's ghost (adept MiFi)
 57726 | Swamp:1  | Killed Peloso's ghost
 61039 | Swamp:4  | Entered Level 4 of the Swamp
 61412 | Swamp:4  | Noticed Nikola
 61468 | Swamp:4  | Killed Nikola
 61737 | Swamp:4  | Gained mutation: Your demonic aura causes all spilled blood
                  | to erupt in flames. [demonic ancestry]
 61737 | Swamp:4  | Reached XP level 23. HP: 204/204 MP: 33/33
 62969 | Swamp:4  | Got a decaying rune of Zot
 63414 | Vaults:1 | Entered Level 1 of the Vaults
 64132 | Vaults:1 | Reached skill level 15 in Shields
 64141 | Vaults:1 | Upgraded the game from 0.28-a0-969-g2dcde036d2 to
                  | 0.28-a0-980-g3664467d6e
 65096 | Vaults:1 | Acquired 864 gold pieces
 65161 | Vaults:1 | Found a transporter.
 65193 | Vaults:1 | Found a transporter.
 65290 | Vaults:1 | Reached skill level 23 in Fighting
 65343 | Vaults:1 | Got the Papyrus of Aerial Cold
 65345 | Vaults:1 | Identified the ring "Kaprucyh" {Dex+8 Slay+4}
 65357 | Vaults:1 | Identified the ring of Nivyhina {rF+++ rCorr MP+9 Slay-6
                  | Stlth+}
 65365 | Vaults:1 | Identified the ring of Circularity {*Slow rElec rN+ MP+9
                  | Dex+3}
 65990 | Vaults:2 | Identified the -4 helmet of Vanity {rPois Str+3}
 67425 | Vaults:3 | Noticed Mennas
 67823 | Vaults:2 | Killed Mennas
 68351 | Vaults:3 | Noticed Saint Roka
 68769 | Vaults:3 | Killed Saint Roka
 68927 | Vaults:3 | Noticed Sojobo
 68942 | Vaults:3 | Killed Sojobo
 69100 | Vaults:3 | Noticed Xtahua
 69103 | Vaults:3 | Gained mutation: You are resistant to unholy torment.
                  | [demonic ancestry]
 69103 | Vaults:3 | Reached XP level 24. HP: 215/215 MP: 33/33
 69115 | Vaults:3 | Killed Xtahua
 69360 | Vaults:3 | Identified the +4 ring mail of Reason {Str+5}
 69531 | Vaults:3 | Noticed Margery
 69569 | Vaults:3 | Killed Margery
 70155 | Vaults:3 | Reached skill level 15 in Invocations
 70370 | Vaults:3 | Identified the +2 pair of gloves of the Echidna {Int+2}
 70450 | Vaults:3 | Found a staircase to the Crypt.
 70460 | Vaults:3 | Noticed Donald
 70465 | Vaults:3 | Noticed Jory
 70469 | Vaults:3 | Killed Donald
 70496 | Vaults:3 | Killed Jory
 71095 | Vaults:4 | Found a portal to a secret trove of treasure.
 71213 | Vaults:4 | You paid a toll of 13 scrolls of teleportation to enter a
                  | treasure trove
 71214 | Trove    | Entered a treasure trove
 71239 | Trove    | Identified the ring "Caosk" {Wiz *Corrode rPois rN++ Int+4}
 71243 | Trove    | Identified the ring of Conversion {Fire rElec rN+}
 71910 | Vaults:4 | Found a transporter.
 72503 | Vaults:4 | Escaped the Abyss
 72510 | Vaults:4 | Found a transporter.
 72520 | Vaults:4 | Identified the amulet of Umetathrow {Acrobat Int+2 Dex+3
                  | Slay+5}
 73066 | Vaults:4 | Got the Collected Works on the Oath and Transmigration
 73088 | Vaults:4 | Identified the ring of Inomn {rC+ Slay+2}
 73238 | Vaults:4 | Identified the ring of Hedonism {rPois rC+}
 73884 | Vaults:5 | Entered Level 5 of the Vaults
 73888 | Vaults:5 | Noticed an ancient lich
 73892 | Vaults:5 | Reached skill level 24 in Fighting
 73919 | Vaults:4 | Killed an ancient lich
 74435 | Vaults:5 | Gained mutation: You can hurl damnation. [demonic ancestry]
 74435 | Vaults:5 | Reached XP level 25. HP: 31/223 MP: 34/34
 74978 | Vaults:5 | Noticed a dread lich
 74995 | Vaults:5 | Identified the amulet of the Original Sin {Acrobat Drain
                  | MP+9 Int+4 Slay+3}
 75008 | Vaults:5 | Identified the +11 flail of Bodily Harmony {flame, rCorr
                  | MP-9 Dex+4}
 75008 | Vaults:5 | Noticed an ancient lich
 75463 | Vaults:5 | Killed a dread lich
 75548 | Vaults:5 | Killed an ancient lich
 76441 | Vaults:5 | Noticed an ancient lich
 76450 | Vaults:5 | Killed an ancient lich
 76601 | Vaults:5 | Identified the +5 cloak "Cianiuku" {Harm Regen+ MP+9 Int-3}
 76895 | Vaults:5 | Identified the +9 plate armour of Charity {rC+ Int+5}
 77189 | Vaults:5 | Got a silver rune of Zot
 77543 | D:8      | Bought a potion of curing for 96 gold pieces
 77543 | D:8      | Bought a scroll of summoning for 304 gold pieces
 77543 | D:8      | Bought a potion of cancellation for 256 gold pieces
 77551 | D:8      | Bought a scroll of teleportation for 39 gold pieces
 77551 | D:8      | Bought a scroll of teleportation for 39 gold pieces
 77551 | D:8      | Bought a scroll of teleportation for 39 gold pieces
 77580 | D:10     | Bought a scroll of teleportation for 39 gold pieces
 77580 | D:10     | Bought a scroll of teleportation for 39 gold pieces
 77773 | Slime:1  | Entered Level 1 of the Pits of Slime
 78239 | Slime:3  | Gained mutation: Your movements are slightly less
                  | encumbered by armour. (ER -2) [a shining eye]
 78643 | Slime:5  | Entered Level 5 of the Pits of Slime
 78646 | Slime:5  | Gained mutation: Potions are less effective at restoring
                  | your health. [a shining eye]
 79167 | Slime:5  | Noticed the Royal Jelly
 79448 | Slime:5  | Corrupted Slime:5
 79513 | Slime:5  | Killed the Royal Jelly
 80344 | Slime:5  | Identified the ring of the Sunfish {rC+ Str+6}
 80349 | Slime:5  | Got a slimy rune of Zot
 80393 | Slime:5  | Identified the ring "Reafuid" {rPois MP+9 Str+3 Int+6}
 80553 | Slime:5  | Acquired the +6 tower shield "Sefas" {Regen+ Int+4}
 81512 | Hell     | Entered the Vestibule of Hell
 81512 | Hell     | Noticed Geryon
 81513 | Hell     | Noticed Murray
 81957 | Depths:4 | Killed Murray
 84323 | Depths:4 | Reached XP level 26. HP: 127/234 MP: 34/34
 86008 | Hell     | Killed Geryon
 86411 | Hell     | Found a gateway to the Iron City of Dis.
 86459 | Hell     | Reached skill level 25 in Fighting
 86643 | Hell     | Found a gateway to the ashen valley of Gehenna.
 86938 | Hell     | Found a gateway to the decaying netherworld of Tartarus.
 86978 | Hell     | Found a gateway to the freezing wastes of Cocytus.
 87279 | Depths:4 | Voluntarily entered the Abyss.
 87321 | Depths:4 | Escaped the Abyss
 87416 | Geh:1    | Entered Level 1 of Gehenna
 89841 | Geh:2    | Reached skill level 15 in Dodging
 90125 | Geh:3    | HP: 2/130 [balrug/divine providence (15)]
 90127 | Hell     | Killed from afar by a balrug

Illustrated notes

Levels and vault maps discovered:
D:1:      scummos_arrival_hexagon, layout_basic, minmay_pentomino_z4
D:2:      layout_rooms
D:3:      layout_loops_ring, wander_ebering_terrifying_dragon_lair,
          uniq_natasha, uniq_robin
D:4:      gammafunk_steamed_eel, layout_rooms, gup_sewer_entry_bubbles,
          nicolae_shop_gadgets, uniq_eustachio
D:5:      layout_basic, uniq_crazy_yiuf_cottage
D:6:      layout_layer_cave, minmay_temple_entry_large_hall
D:7:      layout_basic
D:8:      layout_basic, nicolae_uskayaw_murder_on_the_dancefloor, serial_shops,
          shop_coins, nicolae_shop_crystal, shop, nicolae_diamond_shop,
          kennysheep_minor_cross
D:9:      layout_basic, erik_lair_orcish_takeover, hex_medium,
          grunt_ministairs_6, minmay_nine_imps, uniq_erica, uniq_psyche
D:10:     layout_loops_ring, serial_shops, shop
D:11:     layout_irregular_city
D:12:     lemuel_ogre_cave, layout_layer_cave, zombieorc1_lemuel,
          gammafunk_ghost_smash, minmay_variable_closet
D:13:     layout_rooms, ximxim_vaults_locker_room,
          gammafunk_ghost_abyssal_escape
D:14:     layout_cave_pools, nicolae_lava_and_water, minmay_liquid_box
D:15:     grunt_enter_depths_snipers, layout_stronghold, grunt_decor_one_mirror,
          minmay_misc_feat_ornament
Lair:1:   layout_layer_cave, gammafunk_lair_bear_cave
Lair:2:   layout_roguey, nicolae_quartered_pool_medium, forest_entry_grove
Lair:3:   layout_roguey, gammafunk_ghost_cemetery, grunt_megastairs_3
Lair:4:   layout_hall_layers, swamp_mist_pool,
          nicolae_spider_entry_orb_guardian, minmay_hedge_maze,
          lemuel_fruit_fields
Lair:5:   layout_hall_layers, lightli_volcano_entry_magma_tube,
          ebering_ghost_reflecting_pool, beast_lair_carwin_9, uniq_nessos
Lair:6:   cheibrodos_lair_end_hotspot, layout_regular_city, slime_altar_2,
          portal_ice_cave_rime
Swamp:1:  cheibrodos_swamp_tower_of_moss, layout_basic_swamp,
          hellmonk_ghost_happy_afterlife, evilmike_swamp_ruin_house_2,
          grunt_hermit_hut
Swamp:2:  layout_basic_swamp, nicolae_swamp_triple_paths
Swamp:3:  nzn_winding_woodlands_small [nzn_winding_woodlands_5x15_concentric,
          nzn_winding_woodlands_center_lodge,
          nzn_winding_woodlands_5x15_pathside_ponds], layout_falls_marsh,
          evilmike_swamp_ruin_house_1, swamp_pool2
Swamp:4:  swamp_pestilence, layout_basic_swamp, swamp_pool1,
          nicolae_swamp_necromancer_hut, infiniplex_staircase_pool, uniq_nikola
Spider:1: layout_chambers
Spider:2: nicolae_spider_mines_3, guppyfry_spider_mini_2
Spider:3: layout_chambers, uniq_mara
Spider:4: spider_rune_water, drop_trap, nicolae_spider_jagged_tunnels
Slime:1:  layout_caves, nicolae_slime_barrier
Slime:2:  layout_caves
Slime:3:  layout_caves, cheibrodos_slime_lost_civilization_5
Slime:4:  cheibrodos_slime_lost_civilization_2, layout_caves,
          nicolae_slime_phagocytosis
Slime:5
Orc:1:    orc_temple, layout_diamond_mine
Orc:2:    grunt_orc_community_town_hall, layout_caves,
          grunt_orc_community_big_house_1, grunt_orc_community_big_house_1,
          grunt_orc_community_house_3, grunt_orc_community_house_3,
          grunt_orc_community_house_3, grunt_orc_community_house_3,
          grunt_orc_community_house_1, grunt_orc_community_house_3, basic_altar,
          nicolae_orc_rockfall
Elf:1:    layout_loops_cross, serial_shops, nicolae_shop_advertising_works
          [nicolae_subvault_shop_adworks], hangedman_elven_crosses_minicolossus,
          nicolae_elf_v_pinch, nicolae_elf_blasts_and_bolts
Elf:2:    nicolae_elf_blades_crystal_corner, layout_geoelf_grid, serial_shops,
          nicolae_stop_n_shop_1, serial_corexii_hall, corexii_hall_statues_x,
          corexii_hall_statues_deadend, corexii_hall_statues_x,
          corexii_hall_statues_u, corexii_hall_statues_i,
          corexii_hall_statues_s, minivault_16
Elf:3:    elf_hall, layout_geoelf_octagon, grunt_megastairs_5
Vaults:1: hangedman_vaults_snaps, v_misc_24, v_misc_13, gammafunk_its_a_trap,
          hangedman_vaults_nails, nicolae_vaults_windows_and_doors_thing,
          ontoclasm_vaults_idyll, ontoclasm_vaults_shuriken,
          ontoclasm_vaults_chip, vaults_dpeg_ring, layout_vaults_omnigrid
Vaults:2: vaults_mumra_chevron, hangedman_vaults_capsules,
          nicolae_vaults_what_the_h, ontoclasm_vaults_decontamination,
          vaults_room_guarded_vault, nicolae_vaults_little_squares_4, v_misc_12,
          vaults_dpeg_encased_lava, hangedman_vaults_slither, v_misc_17,
          dpeg_vaults_monster_box, v_misc_5, ontoclasm_vaults_twist,
          layout_vaults_ring
Vaults:3: minmay_crypt_entry_simple_statues, v_misc_22,
          ontoclasm_vaults_loading_screen, nicolae_vaults_mini_display_case,
          v_misc_27, vaults_room_semicircle, grunt_vaults_twisty,
          ontoclasm_vaults_shout, v_misc_12, v_pattern_5,
          nicolae_vaults_little_squares_6, vaults_mumra_hex,
          layout_vaults_maze_snakey, uniq_saint_roka, uniq_jory, uniq_margery,
          uniq_sojobo, uniq_mennas, uniq_xtahua, uniq_donald
Vaults:4: ontoclasm_vaults_loading_screen, nicolae_vaults_specimen_jars,
          gammafunk_dig_for_victory, hangedman_vaults_river_flow, v_misc_10,
          nicolae_vaults_little_squares_1, ontoclasm_vaults_pinch,
          vaults_room_door_ring, v_misc_4, hangedman_vaults_slice,
          ontoclasm_vaults_loading_screen, vaults_room_pool,
          layout_vaults_omnicross, nicolae_trove_entry_free_sample
Vaults:5
Depths:1: hangedman_cross_cluster, layout_cave_shapes, hell_entry
Depths:2: dreamdust_experimentation, layout_gridville, pan_entry,
          grunt_hell_horde, grunt_megastairs_2, infiniplex_staircase_pool_2,
          serial_bayou_shore_a
Depths:3: minmay_octagon_keep, layout_gridlike, enter_ziggurat_f,
          abyss_entry_crystal, hell_entry, infiniplex_staircase_pillars_2
Depths:4: grunt_zot_entry_funnels, layout_cave_shapes, pf_hell_entry_tar_spiral,
          abyss_entry_small_statue_room, nicolae_qazlal_style_of_elements
Hell
Geh:1:    layout_gehenna_lava_caves
Geh:2:    layout_gehenna_pools_triple
Geh:3:    layout_gehenna_pools_triple, nicolae_geh_gnashing_of_teeth

Skill      XL: |  1  2  3  4  5  6  7  8  9 10 11 12 13 14 15 16 17 18 19 20 21 22 23 24 25 26 |
---------------+-------------------------------------------------------------------------------+-----
Armour         | 2 3 4 5 7 8 9 11 12 13 15 16 17 18 19 20 | 20.1
Polearms       | 2 3 4 5 6 7 8 9 10 13 14 15 16 17 18 | 18.0
Fighting       | 4 5 6 8 9 11 12 14 16 17 18 19 21 22 23 24 25 | 25.0
Dodging        | 1 2 3 4 5 6 7 8 10 12 13 14 15 | 15.0
Invocations    | 4 6 8 9 10 12 13 14 15 | 15.2
Shields        | 8 10 11 12 13 14 16 19 20 | 20.9

Action                   |  1- 3 |  4- 6 |  7- 9 | 10-12 | 13-15 | 16-18 | 19-21 | 22-24 | 25-27 || total
-------------------------+-------+-------+-------+-------+-------+-------+-------+-------+-------++-------
Melee: Spear             |    93 |   168 |   195 |   382 |  1015 |  1584 |   660 |  2196 |  1296 ||  7589
       Touch             |     7 |    18 |    36 |    54 |   203 |   135 |       |       |       ||   453
Throw: Dart              |       |    23 |    83 |   238 |    64 |       |       |       |       ||   408
Invok: Depart the Abyss  |     1 |       |       |       |       |       |       |     1 |     1 ||     3
       Bend Space        |       |       |       |       |     1 |     3 |       |       |     1 ||     5
       Enter the Abyss   |       |       |       |       |       |       |       |     1 |       ||     1
       Banish            |       |       |       |       |       |       |       |       |    11 ||    11
       Corrupt           |       |       |       |       |       |       |       |       |     1 ||     1
 Abil: Hurl Damnation    |       |       |       |       |       |       |       |       |     4 ||     4
Evoke: Wand              |       |       |       |       |    28 |    10 |    32 |    22 |       ||    92
       Tin of tremorston |       |       |       |       |       |     2 |     2 |     2 |       ||     6
       Lightning rod     |       |       |       |       |       |     1 |       |       |       ||     1
       Phantom mirror    |       |       |       |       |       |       |       |     1 |       ||     1
       Condenser vane    |       |       |       |       |       |       |       |     1 |       ||     1
  Use: Scroll            |       |     1 |    10 |     5 |    14 |    15 |     1 |    17 |    10 ||    73
       Potion            |       |       |       |       |    11 |     8 |     9 |    15 |    12 ||    55
 Stab: Distracted        |       |       |     1 |     5 |    32 |    34 |    13 |    67 |    67 ||   219
       Sleeping          |       |       |       |       |     2 |     4 |       |       |       ||     6
       Paralysed         |       |       |       |       |     2 |       |       |       |     1 ||     3
       Held in net/web   |       |       |       |       |       |     1 |       |       |       ||     1
       Confused          |       |       |       |       |       |       |       |     1 |     1 ||     2
Armor: Chain mail        |    52 |   123 |       |       |       |       |       |       |       ||   175
       Scale mail        |       |     6 |    48 |    46 |   234 |   168 |       |       |       ||   502
       Ice dragon scales |       |       |       |       |       |    24 |       |       |       ||    24
       Crystal plate arm |       |       |       |       |       |   247 |   151 |   184 |       ||   582
       Gold dragon scale |       |       |       |       |       |       |       |   383 |   371 ||   754
Dodge: Dodged            |    22 |    51 |    50 |    57 |   366 |   437 |    81 |   375 |   393 ||  1832
Block: Other             |       |       |     5 |    23 |   107 |    85 |       |       |       ||   220
       Reflection        |       |       |     2 |     4 |     3 |    59 |    49 |    10 |       ||   127
       Tower shield      |       |       |       |       |       |   769 |   554 |  1765 |  1398 ||  4486

Table legend: (Time is in decaauts)
 A = Elapsed time spent in this place.
 B = Non-inter-level travel time spent in this place.
 C = Inter-level travel time spent in this place.
 D = Time resting spent in this place.
 E = Time spent auto-exploring this place.
 F = Levels seen in this place.
 G = Mean time per level.
                   A        B        C        D        E       F      G
               +--------+--------+--------+--------+--------+-----+--------+
         Total |  88155 |  83702 |   4453 |  31180 |  36567 |  60 | 1469.2 |
       Dungeon |  17247 |  15453 |   1794 |   2163 |  10789 |  15 | 1149.8 |
          Lair |  10100 |   9173 |    927 |   2817 |   4793 |   6 | 1683.3 |
         Swamp |   6257 |   6034 |    223 |   1597 |   3321 |   4 | 1564.2 |
   Spider Nest |   8281 |   8089 |    192 |   2351 |   4489 |   4 | 2070.2 |
    Slime Pits |   2981 |   2969 |     12 |   2086 |     39 |   5 |  596.2 |
  Orcish Mines |   2297 |   2148 |    149 |    432 |   1283 |   2 | 1148.5 |
   Elven Halls |   5457 |   5317 |    140 |   1592 |   2534 |   3 | 1819.0 |
        Vaults |  12327 |  11957 |    370 |   4748 |   4371 |   5 | 2465.4 |
        Depths |  16586 |  16027 |    559 |  10104 |   3541 |   4 | 4146.5 |
          Hell |   2596 |   2512 |     84 |   1588 |    386 |   1 | 2596.0 |
       Gehenna |   1270 |   1270 |      0 |    521 |    427 |   3 |  423.3 |
         Abyss |    734 |    734 |      0 |    340 |     45 |   4 |  183.5 |
         Trove |    250 |    250 |      0 |    100 |     15 |   1 |  250.0 |
         Sewer |    215 |    215 |      0 |      0 |    122 |   1 |  215.0 |
      Ice Cave |   1310 |   1310 |      0 |    681 |    364 |   1 | 1310.0 |
       Volcano |    241 |    241 |      0 |     58 |     48 |   1 |  241.0 |
               +--------+--------+--------+--------+--------+-----+--------+

Top non-repeatable levels by time:
Depths:4: 5802 daAuts
Depths:3: 5327 daAuts
Vaults:4: 3394 daAuts
Depths:1: 3386 daAuts
Spider:3: 2732 daAuts
  Lair:6: 2671 daAuts
Vaults:3: 2607 daAuts
   Elf:2: 2597 daAuts
    Hell: 2596 daAuts
Vaults:2: 2430 daAuts
    D:12: 2317 daAuts
Spider:4: 2301 daAuts
 Swamp:3: 2199 daAuts
Depths:2: 2070 daAuts
Vaults:1: 2014 daAuts
